 Dungeon Crawl Stone Soup version 0.22.1-1-ga44c0e56f4 (webtiles) character file.

25129 Naru the Cleaver (level 12, -10/109 (112) HPs)
             Began as a Deep Dwarf Fighter on Nov 7, 2018.
             Was an Elder of Makhleb.
             Succumbed to a death drake's foul vapour
             ... on level 1 of the Abyss.
             The game lasted 00:38:38 (12936 turns).

Naru the Cleaver (Deep Dwarf Fighter)              Turns: 12936, Time: 00:38:39

HP:   -10/109 (112) AC: 24    Str: 21    XL:     12   Next: 86%
MP:   11/11         EV:  6    Int: 13    God:    Makhleb [****..]
Gold: 973           SH: 12    Dex: 12    Spells: 16/16 levels left

rFire    . . .     SeeInvis .   a - +1 broad axe
rCold    + . .     Gourm    .   c - +1 shield
rNeg     . . .     Faith    .   M - +0 chain mail
rPois    .         Spirit   .   E - +2 helmet
rElec    .         Reflect  .   k - +2 cloak
rCorr    .         Harm     .   B - +2 pair of gloves
MR       +....                  (no boots)
Stlth    ..........             e - amulet of the acrobat
HPRegen  0.00/turn              s - +4 ring of protection
MPRegen  0.12/turn              u - ring of protection from cold

@: lethally poisoned (-10 -> -119), non-regenerating, diseased, slowed, very
slow
A: damage resistance, heal wounds, sense surroundings 2, no regeneration
a: Heal Wounds, Minor Destruction, Lesser Servant of Makhleb, Major Destruction,
Renounce Religion


You were on level 1 of the Abyss.
You worshipped Makhleb.
Makhleb was greatly pleased with you.
You were not hungry.

You visited 3 branches of the dungeon, and saw 16 of its levels.
You visited the Abyss 1 time.

You collected 973 gold pieces.

Inventory:

Hand Weapons
 a - a +1 broad axe (weapon)
 b - a +0 hand crossbow
 q - a +0 blowgun
Missiles
 g - 59 bolts
 j - 77 sling bullets
 o - 470 stones
 r - 45 poisoned needles
 C - 2 throwing nets
 G - 20 tomahawks (quivered)
Armour
 c - a +1 shield (worn)
 k - a +2 cloak (worn)
 B - a +2 pair of gloves (worn)
 E - a +2 helmet (worn)
 F - a scarf of spirit shield
 M - a +0 chain mail (worn)
Jewellery
 e - an amulet of the acrobat (around neck)
 s - a +4 ring of protection (left hand)
 t - an uncursed ring of protection from fire
 u - a ring of protection from cold (right hand)
 v - an uncursed ring of fire
 x - an uncursed ring of protection from cold
 P - an uncursed ring of see invisible {unknown}
 Y - an uncursed ring of stealth {unknown}
Wands
 K - a wand of flame (78)
 V - a wand of paralysis (20)
Scrolls
 h - 5 scrolls of remove curse
 p - 2 scrolls of amnesia
 y - 7 scrolls of teleportation
 N - a scroll of blinking
 O - 2 scrolls of identify
 Q - 3 scrolls of enchant weapon
 R - a scroll of vulnerability {unknown}
 T - 3 scrolls of fog
 U - a scroll of acquirement {unknown}
 X - a scroll of noise {unknown}
 Z - a scroll of enchant armour
Potions
 d - 4 potions of might
 i - 11 potions of curing
 l - a potion of brilliance {unknown}
 m - 3 potions of ambrosia
 n - 4 potions of resistance {unknown}
 w - 2 potions of lignification {unknown}
 z - 2 potions of cancellation {unknown}
 D - 4 potions of berserk rage
 H - 2 potions of heal wounds
 I - a potion of degeneration {unknown}
 J - 4 potions of flight
 L - 3 potions of agility
 S - 2 potions of mutation {unknown}
 W - a potion of magic {unknown}
Comestibles
 f - 26 rations


   Skills:
 * Level 8.9 Fighting
 * Level 14.4 Axes
 * Level 9.1 Crossbows
 + Level 7.5 Armour
 + Level 8.7 Shields
 + Level 2.7 Spellcasting
 * Level 8.7 Invocations


You had 16 spell levels left.
You didn't know any spells.
Your spell library contained the following spells:

 Spells                   Type           Power        Failure   Level  Hunger
 Flame Tongue             Conj/Fire      #....        99%         1    #......
 Magic Dart               Conj           #...         99%         1    #......
 Sandblast                Erth           #.....       99%         1    #......
 Blink                    Tloc           N/A          99%         2    ###....
 Call Imp                 Summ           #.......     99%         2    ###....
 Passwall                 Tmut/Erth      #.......     99%         2    ###....
 Slow                     Hex            #.......     99%         2    ###....
 Throw Flame              Conj/Fire      #.....       99%         2    ###....
 Conjure Flame            Conj/Fire      #.......     100%        3    ###....
 Inner Flame              Hex/Fire       #.......     100%        3    ###....
 Mephitic Cloud           Conj/Pois/Air  #.......     100%        3    ###....
 Stone Arrow              Conj/Erth      #.....       100%        3    ###....
 Petrify                  Tmut/Erth      #.......     100%        4    #####..
 Sticky Flame             Conj/Fire      #.......     100%        4    #####..
 Fireball                 Conj/Fire      #.........   100%        5    ######.
 Lee's Rapid Deconstruct  Erth           #.........   100%        5    ######.


Dungeon Overview and Level Annotations

Branches:
Dungeon (10/15)            Temple (1/1) D:4            Lair (5/6) D:9
  Swamp (0/4) Lair:3        Snake (0/4) Lair:3
  Slime: Lair:5-6       Orc: D:9-12

Altars:
Ashenzari
Cheibriados
Dithmenos
Elyvilon
Fedhas
Gozag
Hepliaklqana
Kikubaaqudgha
Makhleb
Nemelex Xobeh
Okawaru
Qazlal
Ru
Sif Muna
Trog
Uskayaw
Vehumet
Wu Jian
Xom
Yredelemnul
Zin
The Shining One

Shops:
D:5 !   D:8 :

Annotations:
D:8 3 runed doors, BushDid911's ghost, novice DsFi
Lair:5 Sonja


Innate Abilities, Weirdness & Mutations

You are resistant to damage.
You can heal yourself by infusing magical energy.
You passively map the area around you.
You do not regenerate.


Message History

* * * LOW HITPOINT WARNING * * *
You feel extremely sick. You block the death drake's attack.
The death drake bites you but does no damage.
You miss the death drake.
The death drake is moderately wounded.
You are engulfed in dark miasma.
You are more poisoned.
You feel your flesh rotting away!
* * * LOW HITPOINT WARNING * * *
x2 You feel extremely sick.
You block the death drake's attack. The death drake breathes miasma at you.
The foul vapour engulfs you!
You are more poisoned.
You feel your flesh rotting away!
You feel as though you will be slow longer.
* * * LOW HITPOINT WARNING * * *
Press: ? - help, Shift-Dir - straight line, f - death drake
Aim: a death drake (foul pestilence, moderately wounded, catching its breath)
The glob of acid misses the death drake.
You die...

... ##. .. #.#...
...# #
......#.#.......###
# .#...#...# .# ##
. ...#....###. ..
.# #.....# .. ..#.
. #....## #. ##. .
##.#§#.# #.#. ...
#.§#§.#..#..## #
#.#@§§##.# # #
##§k#..#..# #§.§ ##
.# ...... .
#."...#. .#...#..).
...#.. #. ## .##.##
##


You could see a death drake.

Vanquished Creatures
  Erolcha (D:9)
  A two-headed ogre (D:8)
  Pikel (D:8)
  5 elephants
  6 spiny frogs
  3 komodo dragons
  A queen bee (Lair:2)
  A polar bear (Lair:5)
  A troll (D:9)
  6 dream sheep (Lair:3)
  3 hippogriffs
  4 blink frogs (Lair:4)
  16 yaks
  A hungry ghost (D:8)
  3 basilisks
  11 water moccasins
  5 porcupines
  2 slaves (D:9)
  2 black bears
  An orc warrior (D:8)
  2 ice beasts
  2 ogres
  2 sky beasts (D:8)
  16 wolves
  2 centaurs (D:6)
  9 crocodiles
  3 big kobolds
  9 bullfrogs
  A scorpion (D:4)
  39 killer bees
  3 crimson imps (D:7)
  5 howler monkeys
  A centaur zombie (D:7)
  5 hounds
  3 orc priests
  A jelly (D:7)
  6 orc wizards
  2 centaur skeletons (D:4)
  An iron imp (Abyss:1)
  Natasha (thrice) (D:2)
  2 iguanas
  6 worker ants
  A hound zombie (D:6)
  A worker ant zombie (D:6)
  18 adders
  4 gnolls (D:3)
  A shadow imp (D:7)
  2 adder zombies
  5 oozes
  3 worms
  6 leopard geckos
  29 orcs
  3 ball pythons
  9 giant cockroaches
  7 goblins
  8 hobgoblins
  3 jackals (D:5)
  21 kobolds
  5 quokkas
  6 bats
  5 frilled lizards
  A quokka zombie (D:7)
  8 rats
  3 fungi
346 creatures vanquished.

Vanquished Creatures (collateral kills)
  3 hydras
  5 death yaks (Lair:3)
  A black mamba (Lair:3)
  A komodo dragon (Lair:5)
  4 water moccasins
  2 bullfrogs (Lair:5)
  3 adders (Lair:3)
19 creatures vanquished.

Vanquished Creatures (others)
  An orc wizard (D:6)
  A bush (Lair:5)
  6 fungi
  8 plants
16 creatures vanquished.

Grand Total: 381 creatures vanquished

Notes
Turn   | Place    | Note
-------+----------+-------------------------------------------
     0 | D:1      | Naru the Deep Dwarf Fighter began the quest for the Orb.
     0 | D:1      | Reached XP level 1. HP: 20/20 MP: 1/1
   839 | D:1      | Reached XP level 2. HP: 27/27 MP: 2/2
  1382 | D:2      | Reached skill level 3 in Axes
  1382 | D:2      | Reached XP level 3. HP: 32/34 MP: 3/3
  1423 | D:2      | Noticed Natasha
  1428 | D:2      | Killed Natasha
  1535 | D:2      | Reached XP level 4. HP: 31/42 MP: 4/4
  1697 | D:2      | Noticed Natasha
  1719 | D:2      | Killed Natasha
  1719 | D:2      | Reached skill level 4 in Axes
  1821 | D:2      | Noticed Natasha
  1841 | D:2      | Killed Natasha
  1841 | D:2      | Reached XP level 5. HP: 19/49 MP: 5/5
  2292 | D:3      | Reached skill level 5 in Axes
  2399 | D:3      | Reached XP level 6. HP: 21/56 MP: 4/4
  3150 | D:4      | Reached skill level 6 in Axes
  3189 | D:4      | Found a glowing silver altar of Zin.
  3195 | D:4      | You fall through a shaft for 2 floors!
  3270 | D:6      | Found an opulent altar of Gozag.
  3306 | D:6      | Reached skill level 1 in Spellcasting
  3306 | D:6      | Reached XP level 7. HP: 63/63 MP: 6/6
  3378 | D:6      | Found a shattered altar of Ashenzari.
  3385 | D:6      | Found a shimmering altar of Xom.
  3386 | D:6      | Found a glowing golden altar of the Shining One.
  3429 | D:5      | Entered Level 5 of the Dungeon
  3443 | D:5      | Found a radiant altar of Vehumet.
  3475 | D:5      | Found Hocug's Distillery.
  3952 | D:4      | Reached skill level 7 in Axes
  4027 | D:4      | Found a staircase to the Ecumenical Temple.
  4037 | Temple   | Entered the Ecumenical Temple
  4042 | Temple   | Became a worshipper of Makhleb the Destroyer
  4365 | D:5      | Found a radiant altar of Vehumet.
  4981 | D:6      | Reached XP level 8. HP: 63/73 MP: 7/9
  5007 | D:6      | Reached skill level 8 in Axes
  5291 | D:6      | Reached skill level 5 in Shields
  5349 | D:6      | Found an iron altar of Okawaru.
  6074 | D:7      | Reached skill level 9 in Axes
  6138 | D:7      | Reached skill level 5 in Armour
  6141 | D:7      | Reached * piety under Makhleb
  6572 | D:8      | Reached skill level 1 in Crossbows
  6572 | D:8      | Gained mutation: You passively map the area around you.
                  | [Deep Dwarf growth]
  6572 | D:8      | Reached XP level 9. HP: 51/80 MP: 11/11
  6655 | D:8      | Reached skill level 5 in Fighting
  6663 | D:8      | Reached skill level 1 in Invocations
  6715 | D:8      | Reached ** piety under Makhleb
  6774 | D:8      | Noticed a two-headed ogre
  6799 | D:8      | Killed a two-headed ogre
  6799 | D:8      | Reached skill level 10 in Axes
  7261 | D:8      | Found Gisaibeic's Book Boutique.
  7267 | D:8      | Found a runed gate.
  7297 | D:8      | Noticed an 11-headed hydra
  7297 | D:8      | Noticed BushDid911's ghost (novice DsFi)
  7298 | D:8      | Found a runed gate.
  7298 | D:8      | Found a runed gate.
  7298 | D:8      | Noticed a nine-headed hydra
  7533 | D:9      | Reached XP level 10. HP: 88/91 MP: 10/10
  7546 | D:9      | Reached skill level 11 in Axes
  7589 | D:9      | Noticed Erolcha
  7603 | D:9      | Killed Erolcha
  7603 | D:9      | Reached skill level 5 in Crossbows
  7630 | D:9      | Noticed an elephant
  7645 | D:9      | Killed an elephant
  7672 | D:9      | Found a staircase to the Lair.
  7673 | D:9      | Noticed Pikel
  7689 | D:8      | Reached *** piety under Makhleb
  7701 | D:8      | Killed Pikel
  7737 | D:9      | Reached skill level 5 in Invocations
  7777 | D:9      | Found an ornate altar of the Wu Jian Council.
  7825 | D:9      | Reached skill level 12 in Axes
  8038 | D:10     | Entered Level 10 of the Dungeon
  8191 | D:10     | Noticed a two-headed ogre
  8238 | Lair:1   | Entered Level 1 of the Lair of Beasts
  8271 | Lair:1   | Noticed a spiny frog
  8279 | Lair:1   | Killed a spiny frog
  8297 | Lair:1   | Reached XP level 11. HP: 99/99 MP: 11/11
  9272 | Lair:2   | Reached **** piety under Makhleb
 10673 | Lair:3   | Reached skill level 13 in Axes
 10681 | Lair:3   | Noticed an eight-headed hydra
 10698 | Lair:3   | Killed an eight-headed hydra
 10739 | Lair:3   | Reached XP level 12. HP: 69/110 MP: 13/13
 10751 | Lair:3   | Found a staircase to the Swamp.
 10786 | Lair:3   | Found a staircase to the Snake Pit.
 11002 | Lair:3   | Noticed a death yak
 11002 | Lair:3   | Noticed a death yak
 11002 | Lair:3   | Noticed a death yak
 11004 | Lair:3   | Noticed a death yak
 11004 | Lair:3   | Noticed a death yak
 11015 | Lair:3   | Killed a death yak
 11025 | Lair:3   | Killed a death yak
 11032 | Lair:3   | Killed a death yak
 11033 | Lair:3   | Killed a death yak
 11035 | Lair:3   | Killed a death yak
 11198 | Lair:3   | You fall through a shaft!
 11286 | Lair:4   | Reached skill level 14 in Axes
 11747 | Lair:4   | Reached ***** piety under Makhleb
 11808 | Lair:4   | Noticed an eight-headed hydra
 11817 | Lair:4   | Killed an eight-headed hydra
 12688 | Lair:5   | Noticed a five-headed hydra
 12704 | Lair:5   | Killed a five-headed hydra
 12765 | Lair:5   | Noticed Sonja
 12890 | Lair:5   | Cast into level 1 of the Abyss (Sonja)
 12935 | Abyss:1  | HP: 4/109 [death drake/foul vapour (6)]
 12936 | Abyss:1  | Succumbed to a death drake's foul vapour

Skill      XL: |  1  2  3  4  5  6  7  8  9 10 11 12 |
---------------+-------------------------------------+-----
Fighting       | 3 4 5 6 7 8 |  8.9
Axes           | 3 4 5 6 7 9 10 12 13 14 | 14.4
Armour         | 4 5 6 7 |  7.5
Shields        | 4 5 6 7 8 |  8.7
Spellcasting   | 1 2 |  2.7
Crossbows      | 1 4 6 8 9 |  9.1
Invocations    | 3 5 7 8 |  8.7

Action                   |  1- 3 |  4- 6 |  7- 9 | 10-12 || total
-------------------------+-------+-------+-------+-------++-------
Melee: War axe           |    90 |   240 |    85 |       ||   415
       Broad axe         |       |       |   365 |   595 ||   960
 Fire: Hand crossbow     |       |       |    74 |   242 ||   316
Throw: Tomahawk          |       |       |     3 |       ||     3
Invok: Lesser Servant of |       |       |       |    11 ||    11
       Minor Destruction |       |       |       |     1 ||     1
 Abil: Heal Wounds       |       |     6 |     6 |    15 ||    27
Evoke: Wand              |       |       |       |    13 ||    13
  Use: Scroll            |       |       |    21 |       ||    21
       Potion            |       |       |       |     1 ||     1
  Eat: Chunk             |     2 |     6 |    11 |    11 ||    30
       Ration            |       |       |     2 |     2 ||     4
Armor: Scale mail        |    41 |   123 |    14 |       ||   178
       Chain mail        |       |       |   307 |   633 ||   940
Dodge: Dodged            |    25 |    95 |   106 |   240 ||   466
Block: Shield            |    48 |   136 |   300 |   619 ||  1103
